Map: Thunderbird LE

Players

InZaNe

  • Race: Terran Terran
  • League: Grandmaster
  • Spawn Location: 5:00

Harstem - Winner!

  • Race: Protoss Protoss
  • League: Grandmaster
  • Spawn Location: 11:00

Event: HomeStory Cup XIX

VOD

Have the link to the VOD?

Description

Time

  • Played on: June 27, 2019, 10:40 a.m.
  • Length: 11:03

All games in this series

Show
View Real Time Build Order
Export as new Build Order

InZaNe Terran 

Build Orders: Reaper Expand, Mech 

Get SALT Encoding   

  12  0:00  SCV  
  13  0:12  SCV  
  14  0:17  Supply Depot  
  14  0:25  SCV  
  15  0:38  SCV  
  15  0:39  Barracks  
  16  0:44  Refinery  
  16  0:50  SCV  
  17  1:02  SCV  
  18  1:14  SCV  
  19  1:27  Orbital Command, Reaper  
  20  1:39  Command Center  
  20  1:48  Supply Depot  
  20  1:52  SCV  
  21  2:01  Barracks Reactor  
  21  2:05  SCV  
  22  2:10  Refinery  
  22  2:17  SCV  
  22  2:21  Factory  
  23  2:29  SCV  
  24  2:37  Marine x2  
  24  2:41  SCV  
  26  2:50  Orbital Command  
  26  2:53  SCV  
  26  2:55  Marine x2  
  29  3:05  Factory Tech Lab, Starport  
  29  3:07  SCV  
  30  3:13  Marine x2  
  30  3:16  SCV  
  30  3:19  SCV  
  34  3:24  Cyclone, Supply Depot  
  37  3:28  SCV  
  37  3:31  SCV  
  37  3:32  Marine x2  
  41  3:40  SCV  
  41  3:44  SCV  
  41  3:45  Viking  
  43  3:52  SCV  
  44  3:56  SCV  
  44  3:58  Marine  
  44  3:59  Marine  
  46  4:05  SCV  
  46  4:07  Command Center  
  47  4:11  Cyclone  
  50  4:18  Marine x2  
  50  4:19  Viking  
  50  4:23  Supply Depot  
  54  4:25  SCV  
  54  4:27  SCV  
  56  4:37  Marine, Refinery, SCV  
  56  4:38  Marine  
  59  4:39  Refinery, SCV  
  59  4:45  Cyclone  
  63  4:46  Mag-Field Accelerator  
  63  4:49  SCV  
  63  4:51  SCV  
  65  5:01  SCV  
  65  5:03  SCV  
  65  5:04  Marine x2  
  69  5:12  Factory  
  69  5:13  SCV, Factory  
  70  5:14  Starport Tech Lab  
  70  5:18  SCV  
  71  5:21  Orbital Command  
  71  5:25  SCV  
  72  5:30  SCV  
  73  5:37  Siege Tank, SCV  
  73  5:39  Armory  
  73  5:42  SCV, Starport Reactor  
  77  5:46  Orbital Command  
  77  5:49  SCV  
  78  5:54  SCV  
  78  5:55  Supply Depot x2  
  79  6:01  Engineering Bay  
  79  6:02  SCV  
  80  6:07  Siege Tank, SCV  
  84  6:12  SCV  
  84  6:14  SCV  
  84  6:17  Siege Tank  
  92  6:18  Hellion x2  
  92  6:19  SCV  
  92  6:22  Supply Depot x2  
  92  6:24  SCV  
  94  6:25  Infernal Pre-Igniter  
  94  6:26  SCV  
  94  6:30  Refinery  
  94  6:31  Refinery, SCV  
  94  6:32  Terran Vehicle Weapons Level 1  
  96  6:36  SCV  
  96  6:38  Missile Turret  
  97  6:41  SCV  
  97  6:43  Missile Turret  
  97  6:45  Siege Tank  
  97  6:46  SCV, Hellion x2  
  105  6:49  SCV, Supply Depot  
  105  6:53  SCV  
  107  6:57  Viking x2  
  111  7:03  Siege Tank  
  111  7:05  SCV x3  
  117  7:09  Hellion x2  
  117  7:12  Supply Depot  
  121  7:18  Barracks Reactor  
  121  7:20  Factory  
  121  7:22  Factory  
  121  7:23  Siege Tank, Missile Turret  
  121  7:28  Supply Depot  
  124  7:33  Supply Depot  
  124  7:34  Supply Depot, Hellion x2  
  128  7:38  Siege Tank  
  128  7:43  Viking x2  
  135  7:54  Supply Depot x2  
  135  7:55  Supply Depot  
  135  7:57  Hellion x2  
  139  8:08  Factory Tech Lab  
  139  8:09  Siege Tank  
  139  8:10  Hellion  
  144  8:17  Hellion  
  146  8:22  Liberator  
  146  8:23  Liberator, Command Center  
  146  8:32  Siege Tank, Hellion x14  
  164  8:42  SCV x3  
  164  8:45  Terran Vehicle Weapons Level 2  
  164  8:48  Armory  
  164  8:54  SCV x2  
  166  8:59  Siege Tank x2  
  166  9:02  Hellion x3  
  178  9:03  Hellion  
  178  9:12  Siege Tank  
  178  9:15  Missile Turret x2  
  181  9:22  Starport x2  
  182  9:25  Fusion Core  
  182  9:28  Refinery  
  184  9:33  Refinery  
  154  9:44  Siege Tank  
  154  9:45  Siege Tank x2, Hellion x3  
  103  9:59  Hellion  
  92  10:10  SCV x3  
  92  10:12  Hellion x3  
  101  10:15  Planetary Fortress  
  101  10:18  Starport Tech Lab, Starport Reactor  
  101  10:22  SCV x3  
  110  10:31  Hellion  
  110  10:33  Hellion x4  
  110  10:34  SCV x3  
  115  10:39  Hellion x3  
  115  10:42  Hellion x2  
  121  10:43  Refinery x2  
  121  10:46  SCV x2  
  121  10:49  SCV  
  127  10:53  Command Center  
Show
View Real Time Build Order
Export as new Build Order

Harstem Protoss - Winner!

Build Orders: 1 Gate Expand, Oracle Opening, Archon Immortal 

Get SALT Encoding   

  12  0:00  Probe  
  13  0:12  Probe  
  14  0:17  Pylon  
  14  0:24  Probe  
  15  0:30  Assimilator  
  15  0:32  Probe  
  15  0:41  Probe  
  16  0:46  Gateway  
  17  0:51  Probe  
  18  1:03  Probe  
  19  1:15  Probe  
  20  1:22  Nexus  
  20  1:33  Cybernetics Core  
  20  1:34  Probe  
  21  1:40  Assimilator  
  21  1:46  Probe  
  22  1:50  Pylon  
  22  1:59  Probe, Adept  
  23  2:08  Probe  
  23  2:12  Stargate  
  26  2:16  Probe  
  26  2:19  Warp Gate  
  27  2:25  Probe  
  27  2:29  Adept  
  30  2:36  Probe  
  31  2:42  Probe  
  32  2:44  Probe  
  32  2:50  Oracle  
  33  2:52  Probe  
  33  2:54  Probe  
  38  3:03  Probe  
  39  3:05  Pylon  
  39  3:06  Probe  
  39  3:11  Adept  
  42  3:15  Probe  
  42  3:18  Probe  
  44  3:24  Oracle  
  44  3:27  Probe  
  44  3:30  Probe  
  49  3:39  Probe  
  50  3:44  Probe  
  50  3:46  Nexus  
  51  3:50  Robotics Facility  
  51  3:51  Probe  
  52  4:01  Probe  
  53  4:05  Gateway  
  53  4:06  Pylon  
  53  4:08  Assimilator  
  53  4:10  Assimilator  
  53  4:14  Probe, Gateway  
  54  4:17  Phoenix  
  54  4:24  Probe  
  54  4:26  Probe  
  58  4:33  Forge  
  58  4:36  Pylon  
  58  4:37  Probe  
  59  4:38  Observer  
  59  4:41  Probe, Robotics Bay  
  61  4:49  Probe  
  62  4:54  Probe  
  62  4:56  Immortal  
  67  5:01  Probe  
  67  5:02  Probe  
  67  5:05  Pylon  
  67  5:06  Probe  
  70  5:11  Probe x2  
  70  5:12  Protoss Ground Weapons Level 1  
  71  5:14  Probe  
  71  5:17  Pylon  
  71  5:19  Probe  
  71  5:20  Probe  
  73  5:22  Probe  
  73  5:27  Probe  
  76  5:29  Probe  
  76  5:33  Probe  
  76  5:34  Twilight Council  
  76  5:35  Sentry, Warp Prism  
  81  5:39  Probe  
  81  5:40  Stalker, Zealot  
  81  5:41  Probe  
  89  5:42  Pylon  
  89  5:45  Probe  
  89  5:49  Assimilator  
  90  5:51  Probe  
  90  5:53  Probe, Assimilator  
  90  5:54  Robotics Bay  
  92  5:57  Probe  
  92  6:00  Pylon  
  92  6:03  Probe  
  94  6:05  Gateway  
  94  6:08  Gateway x2  
  94  6:21  Probe  
  94  6:24  Probe  
  96  6:27  Gateway  
  96  6:28  Gateway  
  96  6:30  Gateway x2  
  96  6:34  Immortal  
  96  6:35  Charge  
  96  6:41  Nexus  
  96  6:46  Probe  
  101  6:50  Templar Archives  
  101  6:51  Pylon  
  99  6:54  Zealot x2  
  99  6:55  Zealot  
  99  6:56  Probe  
  99  6:57  Gateway  
  99  6:59  Probe  
  99  7:00  Protoss Ground Weapons Level 2  
  105  7:02  Pylon  
  105  7:06  Photon Cannon  
  105  7:07  Photon Cannon, Probe  
  107  7:08  Probe, Immortal  
  107  7:12  Probe  
  108  7:20  Probe  
  108  7:21  Assimilator  
  108  7:22  Probe  
  114  7:25  Assimilator  
  114  7:29  Probe  
  115  7:34  Probe x2  
  115  7:36  Photon Cannon  
  117  7:43  High Templar x4  
  123  7:44  High Templar x2  
  123  7:45  High Templar x2  
  123  7:50  Gravitic Drive, Archon x4  
  131  7:52  Zealot x3  
  131  7:54  Probe  
  139  8:00  Photon Cannon  
  139  8:01  Immortal, Pylon  
  139  8:03  Pylon  
  140  8:15  High Templar x2  
  140  8:16  Zealot x2, Pylon  
  148  8:20  Archon  
  148  8:21  Zealot x4  
  148  8:26  Probe  
  157  8:30  Zealot x3  
  157  8:33  Immortal  
  163  8:39  Pylon  
  167  8:42  Zealot x2  
  171  8:49  Fleet Beacon  
  171  8:50  Stargate  
  171  8:51  Pylon  
  171  9:01  High Templar  
  171  9:02  Zealot, High Templar x3  
  177  9:07  Archon x2  
  177  9:08  Probe  
  180  9:10  Pylon  
  180  9:11  Pylon  
  180  9:13  Zealot x4  
  180  9:16  Pylon  
  185  9:20  Zealot  
  187  9:32  Zealot x2  
  149  9:41  Zealot x3  
  149  9:42  Zealot x8  
  153  9:50  Probe  
  138  9:54  Warp Prism  
  138  9:55  Probe x2  
  142  10:08  High Templar  
  142  10:09  High Templar x3  
  142  10:10  Stalker x7  
  142  10:13  Archon  
  164  10:24  Archon  
  164  10:25  Nexus  
  164  10:27  Pylon  
  164  10:29  Probe  
  164  10:33  Zealot x2  
  164  10:35  Stalker, Zealot  
  167  10:36  Zealot x2  
  167  10:37  Probe x2  
  167  10:38  Probe  
  167  10:41  Probe  
  171  10:46  High Templar  
  171  10:47  High Templar x3  
  171  10:48  Stalker  
  171  10:49  Probe x2  
  183  10:50  Probe  
  183  10:51  Archon x2  
  183  10:53  Zealot  
  183  10:54  Zealot  
  193  10:58  Zealot x3  
Tags
 
Add a new tag
Caveats
  • Supply blocks, unpowered buildings, or Contaminate may cause inaccurate times.
  • Supply counts are checked every 10 seconds.